 Dungeon Crawl Stone Soup version 0.22-a0-617-g6d95e9e (webtiles) character file.

8133 tilp the Spear-Bearer (level 11, 0/81 HPs)
             Began as a Merfolk Ice Elementalist on July 11, 2018.
             Was a Believer of Makhleb.
             Slain by a spiny frog (13 damage)
             ... on level 1 of the Lair of Beasts on July 12, 2018.
             The game lasted 00:56:17 (18645 turns).

tilp the Spear-Bearer (Merfolk Ice Elementalist)   Turns: 18645, Time: 00:56:17

Health: 0/81       AC:  6    Str: 19    XL:     11   Next: 26%
Magic:  0/26       EV: 17    Int: 17    God:    Makhleb [**....]
Gold:   279        SH:  0    Dex: 15    Spells: 0/18 levels left

rFire    x . .     SeeInvis .   H - +4 halberd
rCold    . . .     Gourm    .   (shield currently unavailable)
rNeg     . . .     Faith    .   (no armour)
rPois    .         Spirit   +   (no helmet)
rElec    .         Reflect  .   a - +2 cloak of the Sky {rF- rCorr Str+10}
rCorr    +         Harm     .   D - +2 pair of gloves
MR       .....                  (no boots)
Stlth    ++........             u - amulet of guardian spirit
HPRegen  0.23/turn              s - ring of magical power
MPRegen  0.20/turn              (no ring)

@: about to teleport, drained
A: change form in water, swift swim, stealthy swim
a: Minor Destruction, Renounce Religion


You were on level 1 of the Lair of Beasts.
You worshipped Makhleb.
Makhleb was pleased with you.
You were not hungry.

You visited 3 branches of the dungeon, and saw 14 of its levels.
You also visited: Ossuary.

You collected 564 gold pieces.
You spent 285 gold pieces at shops.

Inventory:

Hand Weapons
 o - a +2 whip of venom
 t - a +2 short sword of venom
 v - a +0 trident
 E - a +1 spear of piercing
 H - a +4 halberd (weapon)
Missiles
 g - 321 stones
 k - 49 sling bullets
 I - 2 tomahawks (quivered)
Armour
 a - the +2 cloak of the Sky (worn) {rF- rCorr Str+10}
   (You acquired it on level 6 of the Dungeon)

   It affects your strength (+10).
   It makes you vulnerable to fire.
   It provides partial protection from all sources of acid and corrosion.
 d - a +1 leather armour of cold resistance
 m - a scarf of spirit shield
 D - a +2 pair of gloves (worn)
Jewellery
 j - a +4 ring of strength {unknown}
 s - a ring of magical power (left hand)
 u - an amulet of guardian spirit (around neck)
 A - a cursed ring of teleportation {unknown}
 C - an uncursed ring of fire {unknown}
Wands
 h - a wand of paralysis (8)
 r - a wand of flame (18)
 w - a wand of acid (8)
 x - a wand of digging (16)
 F - a wand of iceblast (5)
Scrolls
 n - 2 scrolls of amnesia
 y - a scroll of brand weapon {unknown}
 B - 4 scrolls of teleportation
 J - a scroll of identify
Potions
 b - 3 potions of brilliance
 e - a potion of cancellation
 f - a potion of flight
 i - 10 potions of curing
 l - 3 potions of might
 p - 6 potions of invisibility
 q - a potion of heal wounds
 z - a potion of haste
 G - 2 potions of lignification {unknown}
Comestibles
 c - 11 rations


   Skills:
 - Level 6.0(5.7) Fighting
 + Level 12.6(12.3) Polearms
 - Level 8.0(7.6) Dodging
 - Level 2.1(1.9) Stealth
 - Level 4.0(3.7) Spellcasting
 - Level 3.1(2.8) Conjurations
 - Level 7.0(6.7) Charms
 - Level 7.0(6.6) Ice Magic
 - Level 5.0(4.6) Invocations
 - Level 4.0(3.7) Evocations


You couldn't memorise any spells.
You knew the following spells:

 Your Spells              Type           Power        Failure   Level  Hunger
a - Freeze                Ice            ####         1%          1    None
b - Throw Frost           Conj/Ice       ###...       3%          2    ##.....
c - Ozocubu's Armour      Chrm/Ice       ####....     3%          3    ###....
d - Throw Icicle          Conj/Ice       ###.....     22%         4    ####...
e - Conjure Flame         Conj/Fire      #.......     26%         3    ###....
f - Mephitic Cloud        Conj/Pois/Air  #.......     32%         3    ###....
g - Blink                 Tloc           N/A          24%         2    ##.....

Your spell library contained the following spells:

 Spells                   Type           Power        Failure   Level  Hunger
 Magic Dart               Conj           ##..         5%          1    None
 Slow                     Hex            #.......     24%         2    ##.....
 Summon Ice Beast         Ice/Summ       ##......     38%         4    ####...
 Call Imp                 Summ           #.......     24%         2    ##.....


Dungeon Overview and Level Annotations

Branches:
Dungeon (11/15)            Temple (1/1) D:4            Lair (2/6) D:9
  Swamp: Lair:2-4    Shoals: Lair:2-4     Snake: Lair:2-4    Spider: Lair:2-4
    Orc: D:9-12

Altars:
Ashenzari
Cheibriados
Dithmenos
Elyvilon
Fedhas
Gozag
Hepliaklqana
Kikubaaqudgha
Makhleb
Nemelex Xobeh
Okawaru
Qazlal
Ru
Sif Muna
Trog
Uskayaw
Vehumet
Wu Jian
Xom
Yredelemnul
Zin
The Shining One

Shops:
D:6 [   D:9 (

Annotations:
D:5 Sigmund
D:7 Joseph
D:8 Maurice
D:9 exclusion: two-headed ogre, Josephine


Message History

You climb upwards.
You feel very sick.
There is a stone staircase leading down, spattered with blood here.
Unknown command.
You feel better. The spiny frog stings you!!
Casting: Throw Frost (safe; 3% risk of failure)
Confirm with . or Enter, or press ? or * to list all spells.
Aiming: Freeze (safe; 1% risk of failure)
Press: ? - help, Shift-Dir - straight line, f - spiny frog
Aim: a spiny frog (lightly wounded)
You freeze the spiny frog.
The spiny frog is lightly wounded.
The ice encasing you melts away. The spiny frog stings you.
As you read the scroll of teleportation, it crumbles to dust.
You feel strangely unstable. The spiny frog stings you.
The spiny frog stings you!
* * * LOW HITPOINT WARNING * * *
The spiny frog stings you!
You die...

<...##..# ### ### ##.# ###
##.##..## ##P###.####P.#
####.###
###....####............#
#.......
#............##P########
#.###.## P......###.######
#..##### #.##....#########
#.## ................#####
##..#
#####...#######FP##.#####..##
######.## #>@..........#
.......# ###########P##
#P###### ### ###


You could see a spiny frog.

Vanquished Creatures
  A centaur zombie (D:10)
  A komodo dragon (Lair:1)
  A hornet (D:9)
  2 hippogriffs
  A shadow (D:10)
  A wraith (D:9)
  3 wyverns
  A basilisk (Lair:1)
  9 yaks
  A hungry ghost (D:6)
  3 porcupines (Lair:1)
  An orc warrior (D:9)
  3 sky beasts
  2 ice beasts
  6 ogres
  3 wolves (Lair:1)
  5 centaurs
  A big kobold (D:9)
  5 bullfrogs
  2 water moccasin zombies (Ossuary)
  2 wyvern skeletons
  5 scorpions
  A howler monkey (D:9)
  6 wights
  A bullfrog zombie (D:5)
  A crimson imp (D:5)
  2 jellies
  A quasit (D:9)
  4 orc priests
  6 hounds
  11 orc wizards
  2 centaur skeletons
  2 gnoll shamans
  3 iguanas
  9 worker ants
  4 big kobold zombies (Ossuary)
  A hound skeleton (D:6)
  2 mummies (Ossuary)
  A howler monkey zombie (D:9)
  12 gnolls
  9 adders
  3 shadow imps
  An ooze (D:4)
  6 adder zombies (Ossuary)
  2 adder skeletons
  A worm (D:3)
  A leopard gecko (D:6)
  32 orcs
  8 giant cockroaches
  4 goblins
  6 hobgoblins
  12 jackals
  5 quokkas
  8 bats
  6 frilled lizards
  2 gnoll zombies (Ossuary)
  5 hobgoblin zombies (Ossuary)
  A jackal skeleton (D:8)
  10 kobolds
  4 kobold zombies (Ossuary)
  5 orc zombies (Ossuary)
  2 quokka zombies (D:7)
  5 rats
266 creatures vanquished.

Vanquished Creatures (others)
  A worker ant zombie (D:8)
1 creature vanquished.

Grand Total: 267 creatures vanquished

Notes
Turn   | Place    | Note
-------+----------+-------------------------------------------
     0 | D:1      | tilp the Merfolk Ice Elementalist began the quest for the Orb.
     0 | D:1      | Reached XP level 1. HP: 13/13 MP: 3/3
   326 | D:1      | Reached XP level 2. HP: 19/19 MP: 0/5
   330 | D:1      | Learned a level 2 spell: Throw Frost
   908 | D:1      | Reached XP level 3. HP: 24/24 MP: 4/6
   932 | D:1      | Learned a level 3 spell: Ozocubu's Armour
  2186 | D:3      | Reached skill level 5 in Ice Magic
  2238 | D:3      | Found an iron altar of Okawaru.
  2410 | D:3      | HP: 1/24 [worm (10)]
  2704 | D:3      | Reached XP level 4. HP: 29/30 MP: 3/7
  3494 | D:3      | Reached XP level 5. HP: 26/35 MP: 1/8
  4495 | D:4      | Found a glowing golden altar of the Shining One.
  4721 | D:4      | Reached skill level 1 in Fighting
  4721 | D:4      | Reached XP level 6. HP: 30/43 MP: 1/9
  5124 | D:4      | Found an ornate altar of the Wu Jian Council.
  5262 | D:4      | Found a staircase to the Ecumenical Temple.
  5271 | Temple   | Entered the Ecumenical Temple
  5500 | D:5      | Entered Level 5 of the Dungeon
  5500 | D:5      | Found a bloodstained altar of Trog.
  5524 | D:5      | Upgraded the game from 0.22-a0-612-gd2f0174 to 0.22-a0-617-g6d95e9e
  5554 | D:5      | Noticed Sigmund
  5623 | D:5      | Reached XP level 7. HP: 34/54 MP: 1/10
  5658 | D:5      | Found a sand-covered staircase.
  5789 | Ossuary  | Entered an ossuary
  5865 | Ossuary  | Reached skill level 5 in Dodging
  6327 | Ossuary  | Reached skill level 1 in Charms
  6918 | D:5      | Found a snail-covered altar of Cheibriados.
  6992 | D:5      | Reached XP level 8. HP: 37/60 MP: 1/11
  7822 | D:6      | Reached skill level 5 in Charms
  8569 | D:6      | Found Ycietz's Antique Armour Emporium.
  8587 | D:6      | Bought an opalescent robe for 159 gold pieces
  8587 | D:6      | Found the opalescent robe
  8587 | D:6      | Bought a pair of gloves for 126 gold pieces
  8595 | D:6      | Identified a scroll of acquirement
  8596 | D:6      | Got a smoking cloak
  8602 | D:6      | Identified the +2 cloak of the Sky {rF- rCorr Str+10} (You acquired it on level 6 of the Dungeon)
  8725 | D:6      | Reached skill level 1 in Evocations
  9086 | D:5      | Found a sacrificial altar of Ru.
  9086 | D:5      | Found a burning altar of Makhleb.
  9086 | D:5      | Found a shimmering altar of Xom.
  9086 | D:5      | Found a hide-covered altar of Uskayaw.
  9118 | D:5      | Became a worshipper of Makhleb the Destroyer
  9673 | D:7      | Found a hazy altar of Hepliaklqana.
  9707 | D:6      | Reached XP level 9. HP: 64/65 MP: 12/12
  9770 | D:7      | Noticed Joseph
  9959 | D:7      | Reached skill level 1 in Conjurations
 11361 | D:8      | Reached * piety under Makhleb
 11940 | D:8      | Reached skill level 1 in Polearms
 12043 | D:8      | Reached skill level 2 in Polearms
 12103 | D:8      | Reached skill level 3 in Polearms
 12271 | D:8      | Reached skill level 4 in Polearms
 12606 | D:8      | Noticed Maurice
 12942 | D:8      | Reached skill level 5 in Fighting
 12942 | D:8      | Reached skill level 5 in Polearms
 13016 | D:8      | Reached XP level 10. HP: 74/74 MP: 9/16
 13025 | D:8      | Reached skill level 6 in Polearms
 13277 | D:8      | Reached skill level 7 in Polearms
 13304 | D:8      | Identified the cursed -5 robe of Misfortune {-Cast *Contam *Tele *Drain EV-5 Stlth-- *Curse} (You bought it in a shop on level 6 of the Dungeon)
 13668 | D:8      | Learned a level 4 spell: Throw Icicle
 13672 | D:8      | Learned a level 3 spell: Conjure Flame
 13676 | D:8      | Learned a level 3 spell: Mephitic Cloud
 13774 | D:8      | Found a white marble altar of Elyvilon.
 13895 | D:8      | Found a basalt altar of Yredelemnul.
 14162 | D:9      | Found a staircase to the Lair.
 14188 | D:9      | Found a shadowy altar of Dithmenos.
 14200 | D:9      | You fall through a shaft for 2 floors!
 14229 | D:10     | Entered Level 10 of the Dungeon
 14517 | D:9      | Reached ** piety under Makhleb
 14557 | D:9      | Reached skill level 8 in Polearms
 15131 | D:9      | Reached skill level 9 in Polearms
 15289 | D:9      | Noticed a two-headed ogre
 15571 | D:9      | Found Yzypp's Antique Weapon Shop.
 15782 | D:10     | Noticed a two-headed ogre
 15912 | D:10     | Reached skill level 10 in Polearms
 15912 | D:10     | Reached skill level 1 in Invocations
 16745 | D:10     | Reached skill level 11 in Polearms
 16756 | D:10     | Reached XP level 11. HP: 44/81 MP: 7/17
 17109 | D:10     | Noticed Josephine
 17366 | Lair:1   | Entered Level 1 of the Lair of Beasts
 17460 | Lair:1   | Reached skill level 5 in Invocations
 17631 | Lair:1   | Reached skill level 12 in Polearms
 17808 | Lair:1   | You fall through a shaft!
 18391 | Lair:1   | Learned a level 2 spell: Blink
 18645 | Lair:1   | Slain by a spiny frog

Vault maps used:
D:1:      saegor_arrival_simple_d
D:3:      okawaru_altar_gauntlet_db
D:4:      tso_oasis_becter, kennysheep_mini, minmay_temple_entry_mist
D:5:      marbit_many_paths, nicolae_overflow_hidden_temple, bloody_trog,
          first_ration, enter_ossuary_1, uniq_sigmund
D:6:      serial_shops, nicolae_shop_overgrown_old_shop,
          kennysheep_generic_room_5
D:7:      kennysheep_mini_moat, minmay_misc_feat_doors, uniq_joseph
D:8:      kennysheep_ying_yang, uniq_maurice
D:9:      kennysheep_little_box, lair_entry_dummy, serial_shops,
          nicolae_shop_trees
D:10:     hiddenorc1_lemuel, serial_corexii_hall, corexii_hall_statues_u,
          corexii_hall_statues_u, corexii_hall_statues_u,
          corexii_hall_statues_i, uniq_josephine, uniq_snorg
D:11:     minivault_14
Temple:   cyrus_temple_forest
Lair:2:   lemuel_reptile_caves, st_stairs_10, serial_bayou_shore_b
Ossuary:  ossuary_tomb_2

Skill      XL: |  1  2  3  4  5  6  7  8  9 10 11 |
---------------+----------------------------------+-----
Ice Magic      | 4 5 6 7 |  7.0
Fighting       | 1 4 5 6 |  6.0
Dodging        | 3 6 7 8 |  8.0
Charms         | 3 7 |  7.0
Evocations     | 3 4 |  4.0
Conjurations   | 3 |  3.1
Spellcasting   | 4 |  4.0
Polearms       | 5 11 12 | 12.6
Invocations    | 4 5 |  5.0
Stealth        | |  2.1

Action                   |  1- 3 |  4- 6 |  7- 9 | 10-12 || total
-------------------------+-------+-------+-------+-------++-------
Melee: Dagger            |    28 |    15 |       |       ||    43
       Whip              |       |    80 |   630 |   167 ||   877
       Spear             |       |       |       |   198 ||   198
       Halberd           |       |       |       |    82 ||    82
Throw: Stone             |    14 |     9 |    11 |       ||    34
       Tomahawk          |       |       |     7 |     4 ||    11
 Cast: Freeze            |    57 |    69 |    39 |    16 ||   181
       Throw Frost       |     2 |     9 |    27 |    19 ||    57
       Ozocubu's Armour  |     5 |    12 |    59 |    40 ||   116
Evoke: Wand              |     1 |       |     3 |     2 ||     6
  Use: Scroll            |       |    12 |     9 |     7 ||    28
       Potion            |       |       |     3 |     1 ||     4
 Stab: Sleeping          |     2 |       |     2 |     2 ||     6
       Paralysed         |       |       |    11 |     9 ||    20
  Eat: Chunk             |     7 |    13 |    22 |    13 ||    55
       Ration            |       |       |     4 |     3 ||     7
Armor: Robe              |     6 |       |       |       ||     6
       Leather armour    |    13 |    33 |   205 |    16 ||   267
       Skin              |       |       |       |    83 ||    83
Dodge: Dodged            |    38 |    84 |   424 |   284 ||   830

Table legend:
 A = Spawn XP
 B = Non-spawn XP
 C = Spawn XP percentage of total XP
 D = Spawn monster count
 E = Non-spawn monster count
 F = Spawn count percentage of total count
 G = Total turns spent on level
                    A         B        C        D         E        F      G
               +---------+---------+-------+---------+---------+-------+---------
         Total |       0 |   11619 |   0.0 |       0 |     266 |   0.0 | 18645
               +---------+---------+-------+---------+---------+-------+---------
           D:1 |       0 |      35 |   0.0 |       0 |      23 |   0.0 |  1119
           D:2 |       0 |      58 |   0.0 |       0 |      11 |   0.0 |  1280
           D:3 |       0 |     165 |   0.0 |       0 |      26 |   0.0 |  1888
           D:4 |       0 |     375 |   0.0 |       0 |      26 |   0.0 |  1602
           D:5 |       0 |     444 |   0.0 |       0 |      12 |   0.0 |   882
           D:6 |       0 |     982 |   0.0 |       0 |      24 |   0.0 |  2171
           D:7 |       0 |     939 |   0.0 |       0 |      24 |   0.0 |  1405
           D:8 |       0 |    2262 |   0.0 |       0 |      33 |   0.0 |  2524
           D:9 |       0 |    1940 |   0.0 |       0 |      25 |   0.0 |  2319
          D:10 |       0 |    2113 |   0.0 |       0 |      19 |   0.0 |  1081
          D:11 |       0 |      13 |   0.0 |       0 |       1 |   0.0 |    29
        Lair:1 |       0 |    1951 |   0.0 |       0 |      12 |   0.0 |  1256
       Ossuary |       0 |     342 |   0.0 |       0 |      30 |   0.0 |   984
               +---------+---------+-------+---------+---------+-------+---------
